SAAA
VERMONT LAKE MONSTERS @ ATHLETIC CLUB KC RESERVES
08/20/2034
 
TOP OF THE 1ST
Vermont Lake Monsters batting - Pitching for Athletic Club KC Reserves : RHP Leroy Moody
Pitching: RHP Leroy Moody
Batting: RHB José Vázquez 0-0: Foul Ball, location: 2F
0-1: Ball
1-1: Swinging Strike
1-2: Ball
2-2: Ball
3-2: Foul Ball, location: 2F
3-2: Foul Ball, location: 2F
3-2: Foul Ball, location: 2F
3-2: Base on Balls
Batting: RHB Ricardo Téllez 0-0: Foul Ball, location: 2F
0-1: Foul Ball, location: 2F
0-2: Strikes out swinging
Batting: LHB Sébastien Cornu 0-0: Ball
Wild Pitch!
José Vázquez to second
1-0: SINGLE (Groundball, 4MD)
José Vázquez to third
Runner from 3rd tries for Home, SAFE, no throw
Batting: RHB Hsi-men King 0-0: Called Strike
0-1: SINGLE (Line Drive, 78S)
Sébastien Cornu to second
Batting: RHB Marcel Roks 0-0: Ball
1-0: Swinging Strike
1-1: Called Strike
1-2: Ball
2-2: Foul Ball, location: 2F
2-2: Strikes out swinging
Batting: RHB Gabe Cain 0-0: Foul Ball, location: 2F
0-1: Ball
1-1: Ball
2-1: Ball
3-1: Base on Balls
Sébastien Cornu to third
Hsi-men King to second
Batting: RHB Ramón Soto 0-0: Ball
1-0: Called Strike
1-1: Foul Ball, location: 2F
1-2: Foul Ball, location: 2F
1-2: Foul Ball, location: 2F
1-2: Fly out, F7 (Flyball, 7)
Top of the 1st over - 1 run, 2 hits, 0 errors, 3 left on base; Vermont 1 - Athletic Club KC 0
BOTTOM OF THE 1ST
Athletic Club KC Reserves batting - Pitching for Vermont Lake Monsters : RHP Marnix van Rijn
Pitching: RHP Marnix van Rijn
Batting: RHB Armando Altagracia 0-0: Ball
1-0: Ball
2-0: Ball
3-0: Called Strike
3-1: Called Strike
3-2: Foul Ball, location: 2F
3-2: Strikes out looking
Batting: LHB Kwang-chih Feng 0-0: Swinging Strike
0-1: Ball
1-1: Ball
2-1: Foul Ball, location: 2F
2-2: Foul Ball, location: 2F
2-2: Ground out 4-3 (Groundball, 4)
Batting: LHB Tsai Ng 0-0: SINGLE (Line Drive, 9LM)
Batting: LHB Luis Miguel González 0-0: Called Strike
Tsai Ng steals 2nd base
0-1: Ball
1-1: 2-RUN HOME RUN (Flyball, 9LD), Distance : 333 ft
Batting: SHB Carlos Rodríguez 0-0: Ball
1-0: Ball
2-0: Ball
3-0: Called Strike
3-1: Base on Balls
Batting: RHB Tasuku Goto 0-0: Ball
1-0: Foul Ball, location: 2F
1-1: Ball
2-1: Fielders Choice at 2nd, 6-4 (Groundball, 6)
Bottom of the 1st over - 2 runs, 2 hits, 0 errors, 1 left on base; Vermont 1 - Athletic Club KC 2
TOP OF THE 2ND
Vermont Lake Monsters batting - Pitching for Athletic Club KC Reserves : RHP Leroy Moody
Batting: LHB David Smith 0-0: Ball
1-0: Fly out, F7 (Flyball, 7S)
Batting: RHB José Xirau 0-0: Called Strike
0-1: Swinging Strike
0-2: Strikes out looking
Batting: RHB José Vázquez 0-0: Ball
1-0: Ball
2-0: Ball
3-0: Base on Balls
Batting: RHB Ricardo Téllez 0-0: Fielders Choice at 2nd, 5-4 (Groundball, 5)
Top of the 2nd over - 0 runs, 0 hits, 0 errors, 1 left on base; Vermont 1 - Athletic Club KC 2
BOTTOM OF THE 2ND
Athletic Club KC Reserves batting - Pitching for Vermont Lake Monsters : RHP Marnix van Rijn
Batting: LHB Manuel Domínguez 0-0: Ball
1-0: Foul Ball, location: 2F
1-1: Ground out 3-1 (Groundball, 3D)
Batting: RHB Abeni Mbanefo 0-0: Fly out, F7 (Flyball, 7)
Batting: RHB Dewey Nauss 0-0: Called Strike
0-1: Ball
1-1: Fly out, F9 (Flyball, 9D)
Bottom of the 2nd over - 0 runs, 0 hits, 0 errors, 0 left on base; Vermont 1 - Athletic Club KC 2
TOP OF THE 3RD
Vermont Lake Monsters batting - Pitching for Athletic Club KC Reserves : RHP Leroy Moody
Batting: LHB Sébastien Cornu 0-0: Called Strike
0-1: Ball
1-1: Ground out U3 (Groundball, 3)
Batting: RHB Hsi-men King 0-0: Ball
1-0: Foul Ball, location: 2F
1-1: Ball
2-1: Ball
3-1: Called Strike
3-2: Fly out, F5 (Popup, 15)
Batting: RHB Marcel Roks 0-0: Ground out 5-3 (Groundball, 56)
Top of the 3rd over - 0 runs, 0 hits, 0 errors, 0 left on base; Vermont 1 - Athletic Club KC 2
BOTTOM OF THE 3RD
Athletic Club KC Reserves batting - Pitching for Vermont Lake Monsters : RHP Marnix van Rijn
Batting: RHB Armando Altagracia 0-0: Ball
1-0: Fly out, F8 (Flyball, 8LM)
Batting: LHB Kwang-chih Feng 0-0: Ball
1-0: Ground out 3-1 (Groundball, 34)
Batting: LHB Tsai Ng 0-0: Ball
1-0: Foul Ball, location: 2F
1-1: Ball
2-1: Ball
3-1: Base on Balls
Batting: LHB Luis Miguel González 0-0: Ball
Tsai Ng steals 2nd base
1-0: Ground out U3 (Groundball, 3D)
Bottom of the 3rd over - 0 runs, 0 hits, 0 errors, 1 left on base; Vermont 1 - Athletic Club KC 2
TOP OF THE 4TH
Vermont Lake Monsters batting - Pitching for Athletic Club KC Reserves : RHP Leroy Moody
Batting: RHB Gabe Cain 0-0: DOUBLE (Line Drive, 9LM)
Batting: RHB Ramón Soto 0-0: Foul Ball, location: 2F
0-1: Foul Ball, location: 2F
0-2: Foul Ball, location: 2F
0-2: Ball
1-2: Ball
2-2: Foul Ball, location: 2F
2-2: Fly out, F3 (Popup, 3SF)
Batting: LHB David Smith 0-0: Foul Ball, location: 2F
0-1: Ground out 4-3 (Groundball, 4M)
Gabe Cain to third
Batting: RHB José Xirau 0-0: Ground out 5-3 (Groundball, 56S)
Top of the 4th over - 0 runs, 1 hit, 0 errors, 1 left on base; Vermont 1 - Athletic Club KC 2
BOTTOM OF THE 4TH
Athletic Club KC Reserves batting - Pitching for Vermont Lake Monsters : RHP Marnix van Rijn
Batting: SHB Carlos Rodríguez 0-0: Ball
1-0: Ball
2-0: Ball
3-0: Called Strike
3-1: DOUBLE (Line Drive, 9D)
Batting: RHB Tasuku Goto 0-0: Called Strike
0-1: Foul Ball, location: 2F
0-2: Ball
1-2: Strikes out swinging
Batting: LHB Manuel Domínguez 0-0: Ball
1-0: Foul Ball, location: 2F
1-1: Ball
2-1: Foul Ball, location: 2F
2-2: Foul Ball, location: 2F
2-2: Ball
3-2: Foul Ball, location: 2F
3-2: Base on Balls
Batting: RHB Abeni Mbanefo 0-0: Ball
1-0: Called Strike
1-1: Ball
2-1: Foul Ball, location: 2F
2-2: Strikes out swinging
Batting: RHB Dewey Nauss 0-0: Called Strike
0-1: Ball
1-1: Swinging Strike
1-2: Foul Ball, location: 2F
1-2: Strikes out looking
Bottom of the 4th over - 0 runs, 1 hit, 0 errors, 2 left on base; Vermont 1 - Athletic Club KC 2
TOP OF THE 5TH
Vermont Lake Monsters batting - Pitching for Athletic Club KC Reserves : RHP Leroy Moody
Batting: RHB José Vázquez 0-0: Called Strike
0-1: Foul Ball, location: 2F
0-2: Foul Ball, location: 2F
0-2: Ball
1-2: Ball
2-2: Ground out 5-3 (Groundball, 56)
Batting: RHB Ricardo Téllez 0-0: Ball
1-0: Ball
2-0: Ball
3-0: Called Strike
3-1: Called Strike
3-2: Fly out, F8 (Flyball, 8LM)
Batting: LHB Sébastien Cornu 0-0: Ball
1-0: Ball
2-0: Ball
3-0: Foul Ball, location: 2F
3-1: Base on Balls
Batting: RHB Hsi-men King 0-0: Ball
1-0: Fly out, F8 (Flyball, 8LXD)
Top of the 5th over - 0 runs, 0 hits, 0 errors, 1 left on base; Vermont 1 - Athletic Club KC 2
BOTTOM OF THE 5TH
Athletic Club KC Reserves batting - Pitching for Vermont Lake Monsters : RHP Marnix van Rijn
Batting: RHB Armando Altagracia 0-0: Ball
1-0: Ball
2-0: Called Strike
2-1: Fly out, F9 (Flyball, 89S)
Batting: LHB Kwang-chih Feng 0-0: Called Strike
0-1: Foul Ball, location: 2F
0-2: Strikes out swinging
Batting: LHB Tsai Ng 0-0: Ball
1-0: Ball
2-0: Foul Ball, location: 2F
2-1: Ground out 6-3 (Groundball, 6)
Bottom of the 5th over - 0 runs, 0 hits, 0 errors, 0 left on base; Vermont 1 - Athletic Club KC 2
TOP OF THE 6TH
Vermont Lake Monsters batting - Pitching for Athletic Club KC Reserves : RHP Leroy Moody
Batting: RHB Marcel Roks 0-0: Ball
1-0: Ball
2-0: Fly out, F9 (Flyball, 9S)
Batting: RHB Gabe Cain 0-0: Ball
1-0: SINGLE (Line Drive, 78M)
Batting: RHB Ramón Soto 0-0: Called Strike
Gabe Cain steals 2nd base
0-1: Swinging Strike
0-2: Ball
1-2: Fly out, F7 (Flyball, 7LM)
Batting: LHB David Smith 0-0: Ball
1-0: Ball
2-0: SINGLE (Flyball, 7LS)
Gabe Cain to third
Runner from 3rd tries for Home, SAFE, no throw
Batting: RHB José Xirau 0-0: Ball
1-0: Foul Ball, location: 2F
1-1: Fielders Choice at 2nd, 6-4 (Groundball, 6)
Top of the 6th over - 1 run, 2 hits, 0 errors, 1 left on base; Vermont 2 - Athletic Club KC 2
BOTTOM OF THE 6TH
Athletic Club KC Reserves batting - Pitching for Vermont Lake Monsters : RHP Marnix van Rijn
Batting: LHB Luis Miguel González 0-0: Foul Ball, location: 2F
0-1: Swinging Strike
0-2: Strikes out looking
Batting: SHB Carlos Rodríguez 0-0: Foul Ball, location: 2F
0-1: Ground out U3 (Groundball, 3L)
Batting: RHB Tasuku Goto 0-0: Ball
1-0: Called Strike
1-1: Fly out, F6 (Popup, 6S)
Bottom of the 6th over - 0 runs, 0 hits, 0 errors, 0 left on base; Vermont 2 - Athletic Club KC 2
TOP OF THE 7TH
Vermont Lake Monsters batting - Pitching for Athletic Club KC Reserves : RHP Leroy Moody
Batting: RHB José Vázquez 0-0: Ball
1-0: Called Strike
1-1: Ball
2-1: Foul Ball, location: 2F
2-2: Ball
3-2: Fly out, F6 (Line Drive, 6M)
Batting: RHB Ricardo Téllez 0-0: Foul Ball, location: 2F
0-1: Ball
1-1: Swinging Strike
1-2: Ground out 5-3 (Groundball, 5D)
Batting: LHB Sébastien Cornu 0-0: Called Strike
0-1: Ball
1-1: Ball
2-1: SINGLE (Groundball, 6MD)
Pitching: LHP António Hernández
Batting: RHB Hsi-men King 0-0: Called Strike
0-1: Ball
1-1: Swinging Strike
1-2: Foul Ball, location: 2F
1-2: Strikes out looking
Top of the 7th over - 0 runs, 1 hit, 0 errors, 1 left on base; Vermont 2 - Athletic Club KC 2
BOTTOM OF THE 7TH
Athletic Club KC Reserves batting - Pitching for Vermont Lake Monsters : RHP Marnix van Rijn
Batting: LHB Manuel Domínguez 0-0: Called Strike
0-1: Ball
1-1: Swinging Strike
1-2: Ball
2-2: Strikes out swinging, 2-3 out at first.
Batting: RHB Abeni Mbanefo 0-0: Ball
1-0: Fly out, F7 (Line Drive, 7)
Batting: RHB Dewey Nauss 0-0: Ball
1-0: Foul Ball, location: 2F
1-1: Ball
2-1: Foul Ball, location: 2F
2-2: Foul Ball, location: 2F
2-2: Foul Ball, location: 2F
2-2: Fly out, F7 (Flyball, 7LM)
Bottom of the 7th over - 0 runs, 0 hits, 0 errors, 0 left on base; Vermont 2 - Athletic Club KC 2
TOP OF THE 8TH
Vermont Lake Monsters batting - Pitching for Athletic Club KC Reserves : LHP António Hernández
Batting: RHB Marcel Roks 0-0: Ball
1-0: Fly out, F8 (Flyball, 8RM)
Batting: RHB Gabe Cain 0-0: Ball
1-0: SINGLE (Line Drive, 8RM)
Batting: RHB Ramón Soto 0-0: Called Strike
0-1: Ball
1-1: Ball
2-1: Ball
3-1: Fly out, F7 (Flyball, 7S)
Batting: LHB David Smith 0-0: Called Strike
0-1: Ball
1-1: Fielders Choice at 2nd, U4 (Groundball, 4M)
Top of the 8th over - 0 runs, 1 hit, 0 errors, 1 left on base; Vermont 2 - Athletic Club KC 2
BOTTOM OF THE 8TH
Athletic Club KC Reserves batting - Pitching for Vermont Lake Monsters : RHP Marnix van Rijn
Pinch Hitting: LHB Shojiro Ueda 0-0: Ball
1-0: Swinging Strike
1-1: Ground out 6-3 (Groundball, 6M)
Pitching: RHP Tim Sandaele
Batting: LHB Kwang-chih Feng 0-0: Ball
1-0: Foul Ball, location: 2F
1-1: Ball
2-1: Ball
3-1: Ground out 6-3 (Groundball, 6)
Batting: LHB Tsai Ng 0-0: Ball
1-0: SINGLE (Flyball, 9LS)
Batting: LHB Luis Miguel González 0-0: Called Strike
0-1: Ball
1-1: Ball
2-1: Foul Ball, location: 2F
2-2: Foul Ball, location: 2F
2-2: Fly out, F7 (Flyball, 7LMF)
Bottom of the 8th over - 0 runs, 1 hit, 0 errors, 1 left on base; Vermont 2 - Athletic Club KC 2
TOP OF THE 9TH
Vermont Lake Monsters batting - Pitching for Athletic Club KC Reserves : LHP António Hernández
Now at SS: Tony Osorio
Batting: RHB José Xirau 0-0: Ball
1-0: Fly out, F4 (Popup, 4MD)
Batting: RHB José Vázquez 0-0: Fly out, F9 (Flyball, 9LM)
Batting: RHB Ricardo Téllez 0-0: Called Strike
0-1: Ball
1-1: Ball
2-1: Ball
3-1: SINGLE (Groundball, 34S) (infield hit)
Batting: LHB Sébastien Cornu 0-0: Ball
1-0: Foul Ball, location: 2F
1-1: Called Strike
1-2: Foul Ball, location: 2F
1-2: Strikes out swinging
Top of the 9th over - 0 runs, 1 hit, 0 errors, 1 left on base; Vermont 2 - Athletic Club KC 2
BOTTOM OF THE 9TH
Athletic Club KC Reserves batting - Pitching for Vermont Lake Monsters : RHP Tim Sandaele
Pitching: RHP Jefferson Suhendro
Batting: SHB Carlos Rodríguez 0-0: Ball
1-0: Foul Ball, location: 2F
1-1: Ground out 6-3 (Groundball, 6)
Batting: RHB Tasuku Goto 0-0: Ball
1-0: Ball
2-0: Called Strike
2-1: Ball
3-1: Ground out U3 (Groundball, 3)
Batting: LHB Manuel Domínguez 0-0: Swinging Strike
0-1: Ball
1-1: Ball
2-1: Ball
3-1: Swinging Strike
3-2: Foul Ball, location: 2F
3-2: Base on Balls
Batting: RHB Abeni Mbanefo 0-0: Ball
1-0: Called Strike
1-1: Ball
Balk!
Manuel Domínguez to second
2-1: Ball
3-1: DOUBLE (Line Drive, 7LS)
Manuel Domínguez scores
Friday, March 29th, 2019 - OOTP Baseball 18.8 Build 76